Map: Tours du crépuscule

Players

Jojobar - Winner!

  • Race: Protoss Protoss
  • League: Silver

pupu

  • Race: Protoss Protoss
  • League: Silver

VOD

Have the link to the VOD?

Description

Time

  • Played on: April 5, 2016, 12:13 p.m.
  • Length: 19:09
Show
View Real Time Build Order
Export as new Build Order

Jojobar Protoss - Winner!

Build Orders:  

Get SALT Encoding   

  12  0:01  Probe (Chrono Boost)  
  13  0:11  Probe (Chrono Boost)  
  14  0:17  Pylon  
  14  0:22  Probe (Chrono Boost)  
  15  0:38  Probe (Chrono Boost)  
  16  0:43  Gateway  
  16  0:49  Probe (Chrono Boost)  
  17  0:51  Assimilator  
  17  0:59  Probe (Chrono Boost)  
  18  1:06  Gateway  
  18  1:18  Probe (Chrono Boost)  
  19  1:28  Probe (Chrono Boost), Assimilator  
  20  1:39  Probe (Chrono Boost)  
  21  1:46  Cybernetics Core  
  21  1:50  Pylon  
  21  1:53  Probe (Chrono Boost)  
  21  2:04  Pylon  
  21  2:05  Probe (Chrono Boost)  
  24  2:08  Zealot  
  24  2:09  Zealot  
  26  2:16  Probe (Chrono Boost)  
  27  2:27  Robotics Facility  
  27  2:30  Warp Gate  
  27  2:44  Adept x2  
  31  2:53  Probe (Chrono Boost)  
  32  2:59  Pylon  
  32  3:04  Probe (Chrono Boost)  
  33  3:14  Probe (Chrono Boost)  
  33  3:15  Observer (Chrono Boost)  
  35  3:20  Sentry, Adept  
  39  3:34  Probe  
  39  3:37  Warp Prism (Chrono Boost)  
  42  3:59  Probe  
  43  4:10  Gateway  
  43  4:11  Immortal (Chrono Boost)  
  47  4:43  Nexus  
  47  5:17  Mothership Core  
  39  5:49  Adept x2  
  43  5:51  Pylon  
  43  5:52  Immortal (Chrono Boost)  
  43  5:53  Pylon  
  43  5:56  Pylon  
  47  6:04  Stalker, Forge  
  49  6:32  Probe  
  50  6:33  Probe  
  51  6:41  Photon Cannon  
  51  6:42  Photon Cannon  
  51  6:44  Probe, Photon Cannon  
  51  6:45  Gateway  
  52  6:48  Gateway  
  52  6:53  Photon Cannon  
  52  6:58  Probe  
  52  7:00  Protoss Ground Weapons Level 1  
  53  7:04  Probe (Chrono Boost)  
  54  7:11  Probe (Chrono Boost)  
  54  7:13  Observer  
  52  7:38  Stalker x2  
  54  7:57  Stalker x2  
  58  7:58  Adept  
  60  8:20  Immortal (Chrono Boost)  
  60  8:22  Nexus  
  60  8:23  Stalker  
  60  8:24  Stalker x2, Pylon  
  60  8:25  Pylon  
  70  8:28  Probe x2  
  64  9:03  Stalker x3  
  64  9:06  Mothership Core  
  64  9:09  Pylon  
  72  9:10  Pylon  
  72  9:11  Assimilator  
  72  9:12  Assimilator  
  72  9:13  Pylon  
  68  9:50  Adept x3  
  74  9:54  Protoss Ground Armor Level 1 (Chrono Boost)  
  74  9:57  Probe x2  
  74  9:59  Probe  
  77  10:01  Twilight Council  
  77  10:16  Photon Cannon  
  77  10:18  Probe, Photon Cannon  
  77  10:19  Probe  
  77  10:20  Probe  
  77  10:21  Photon Cannon  
  80  10:34  Adept x4  
  80  10:35  Resonating Glaives (Chrono Boost), Adept  
  90  10:49  Forge  
  90  11:13  Adept  
  90  11:15  Adept x3  
  90  11:16  Adept  
  100  11:21  Nexus, Protoss Ground Weapons Level 2 (Chrono Boost)  
  100  11:29  Assimilator  
  100  11:33  Assimilator  
  100  11:46  Pylon  
  100  11:48  Pylon  
  100  11:52  Protoss Ground Armor Level 2 (Chrono Boost)  
  93  12:27  Warp Prism  
  95  12:47  Pylon  
  95  12:48  Stargate  
  95  12:52  Stargate  
  95  12:55  Photon Cannon  
  95  12:56  Photon Cannon  
  95  12:57  Photon Cannon  
  87  13:41  Void Ray x2 (Chrono Boost)  
  87  13:48  Adept x3  
  97  13:49  Adept x2  
  105  14:06  Photon Cannon  
  105  14:08  Photon Cannon  
  105  14:14  Pylon  
  104  14:32  Stalker  
  104  14:33  Stalker x3  
  104  14:34  Stalker  
  110  15:08  Stalker  
  110  15:09  Stalker x2  
  94  15:30  Stalker  
  68  15:44  Stalker  
  36  16:16  Stalker x2  
  40  16:19  Zealot x3  
  46  16:37  Nexus  
  46  16:38  Void Ray (Chrono Boost)  
  46  16:39  Pylon  
  46  16:40  Pylon  
  46  16:41  Zealot x4  
  46  16:42  Zealot  
  50  17:01  Stalker x2  
  50  17:02  Stalker  
  50  17:03  Stalker x2  
  50  17:17  Pylon  
  50  17:21  Void Ray (Chrono Boost)  
  41  17:42  Zealot  
  41  17:43  Zealot x4  
  43  17:54  Void Ray (Chrono Boost)  
  43  17:58  Probe, Void Ray (Chrono Boost)  
  51  18:00  Probe x2  
  54  18:07  Stalker x2  
  54  18:08  Stalker  
  54  18:09  Sentry  
  54  18:10  Sentry  
  64  18:37  Stalker x2  
  64  18:38  Stalker  
  70  18:52  Stalker x2  
Show
View Real Time Build Order
Export as new Build Order

pupu Protoss 

Build Orders: Nexus First 

Get SALT Encoding   

  12  0:01  Probe (Chrono Boost)  
  13  0:12  Probe (Chrono Boost)  
  14  0:21  Pylon  
  14  0:22  Probe (Chrono Boost)  
  15  0:39  Probe (Chrono Boost)  
  16  0:56  Nexus  
  16  0:59  Probe (Chrono Boost)  
  17  1:14  Gateway  
  17  1:18  Probe (Chrono Boost)  
  18  1:25  Assimilator  
  18  1:28  Probe (Chrono Boost)  
  19  1:35  Assimilator  
  19  1:39  Probe (Chrono Boost)  
  20  1:42  Pylon  
  20  1:49  Probe (Chrono Boost)  
  21  2:00  Probe (Chrono Boost)  
  22  2:01  Cybernetics Core  
  22  2:05  Gateway  
  22  2:13  Probe (Chrono Boost)  
  22  2:14  Probe (Chrono Boost)  
  24  2:24  Probe x2 (Chrono Boost)  
  24  2:26  Gateway  
  26  2:34  Probe x2 (Chrono Boost)  
  28  2:37  Assimilator  
  28  2:39  Warp Gate (Chrono Boost)  
  28  2:44  Probe  
  28  2:45  Probe  
  30  2:56  Robotics Facility  
  30  3:01  Probe, Sentry  
  30  3:03  Probe  
  34  3:12  Probe  
  34  3:15  Probe  
  36  3:22  Probe  
  36  3:23  Assimilator  
  36  3:26  Pylon  
  37  3:27  Probe  
  37  3:32  Forge  
  38  3:36  Stalker  
  38  3:39  Sentry  
  42  3:43  Observer  
  42  3:46  Stalker  
  45  3:48  Probe  
  45  3:49  Probe  
  45  3:55  Pylon  
  47  3:59  Probe  
  47  4:02  Probe, Pylon  
  49  4:09  Probe, Protoss Ground Weapons Level 1 (Chrono Boost)  
  49  4:14  Probe  
  51  4:20  Immortal  
  51  4:24  Probe  
  55  4:26  Probe  
  55  4:30  Gateway  
  57  4:33  Pylon  
  57  4:39  Pylon  
  57  4:41  Probe x2  
  57  4:42  Pylon  
  59  4:54  Mothership Core  
  59  4:55  Probe  
  62  5:06  Probe  
  58  5:15  Stalker x3  
  61  5:42  Stalker  
  61  5:43  Stalker x2  
  61  5:49  Immortal  
  71  6:00  Probe  
  71  6:01  Probe  
  71  6:02  Protoss Ground Armor Level 1 (Chrono Boost)  
  73  6:12  Gateway  
  73  6:13  Probe x2  
  73  6:15  Gateway  
  75  6:18  Gateway  
  75  6:24  Probe  
  75  6:25  Probe  
  75  6:28  Stalker  
  75  6:29  Stalker x3  
  85  6:38  Probe  
  86  6:42  Pylon  
  86  6:45  Pylon  
  86  6:51  Photon Cannon  
  86  6:54  Photon Cannon  
  86  6:57  Photon Cannon  
  86  6:59  Probe, Photon Cannon  
  86  7:00  Probe  
  86  7:01  Photon Cannon  
  88  7:06  Photon Cannon  
  88  7:09  Probe  
  88  7:12  Probe  
  90  7:16  Sentry  
  90  7:17  Sentry x3  
  90  7:20  Probe  
  99  7:24  Probe  
  90  7:51  Zealot x3  
  90  7:52  Zealot  
  90  7:56  Immortal  
  102  8:14  Nexus  
  102  8:30  Pylon  
  102  8:36  Pylon  
  102  8:38  Pylon  
  102  8:41  Pylon  
  102  8:43  Pylon  
  72  9:05  Pylon  
  72  9:10  Zealot  
  72  9:11  Zealot x6  
  72  9:14  Probe  
  72  9:16  Probe  
  88  9:20  Immortal  
  92  9:24  Gateway  
  92  9:25  Probe, Gateway  
  92  9:28  Probe  
  86  9:35  Zealot x2  
  86  9:36  Zealot x4  
  96  9:58  Gateway  
  96  9:59  Gateway  
  96  10:01  Zealot x2  
  96  10:02  Gateway  
  100  10:11  Probe x2, Pylon  
  100  10:13  Probe  
  103  10:15  Protoss Shields Level 1 (Chrono Boost)  
  103  10:21  Probe  
  103  10:24  Gateway  
  104  10:30  Warp Prism (Chrono Boost)  
  106  10:36  Assimilator  
  106  10:39  Probe  
  106  10:40  Probe  
  108  10:52  Assimilator  
  108  10:55  Pylon  
  108  10:56  Zealot x3  
  114  10:58  Pylon  
  113  11:12  Zealot x5  
  113  11:13  Zealot x3  
  128  11:34  Zealot x3  
  128  11:35  Zealot  
  136  11:58  Zealot x5  
  136  11:59  Zealot x6  
  136  12:00  Zealot  
  128  12:25  Zealot x7  
  128  12:26  Zealot x5  
  152  12:32  Twilight Council  
  152  12:35  Pylon  
  152  12:53  Zealot  
  152  12:54  Zealot x2  
  152  12:55  Zealot  
  160  13:15  Zealot x4  
  160  13:16  Zealot x6  
  156  13:35  Zealot x5  
  162  13:50  Immortal (Chrono Boost)  
  162  13:53  Charge (Chrono Boost)  
  166  14:23  Zealot x4  
  166  14:24  Zealot x4  
  176  14:25  Zealot  
  152  14:46  Zealot x4  
  116  15:21  Stalker  
  116  15:22  Stalker x4  
  106  15:36  Mothership Core  
  44  17:17  Zealot x3  
  44  17:18  Zealot  
  48  17:41  Zealot  
  38  18:31  Probe  
  38  18:33  Probe  
  40  18:42  Zealot  
Tags
 
Add a new tag
Caveats
  • Supply blocks, unpowered buildings, or Contaminate may cause inaccurate times.
  • Supply counts are checked every 10 seconds.